 Dungeon Crawl Stone Soup version 0.28-a0-514-g0d7ab7f379 (webtiles) character file.

Game seed: 18054393981052694645

4053 robertstho the Thaumaturge (level 10, -5/69 HPs)
             Began as a Djinni Fire Elementalist on Sept 22, 2021.
             Was an Initiate of Gozag.
             Slain by a two-headed ogre (19 damage)
             ... on level 8 of the Dungeon.
             The game lasted 00:10:49 (8761 turns).

robertstho the Thaumaturge (DjFE)                   Turns: 8761, Time: 00:10:50

Health: -5/69      AC:  3    Str: 13    XL:     10   Next: 48%
Gold:   1301       EV: 13    Int: 21    God:    Gozag SH:  0 Dex: 13

rFire   + + +      SeeInvis .   c - +2 whip (venom)
rCold   x . .      Faith    .   (no shield)
rNeg    . . .      Spirit   .   a - +0 robe
rPois   ∞          Reflect  .   t - +0 helmet
rElec   .          Harm     .   (no cloak)
rCorr   .          Rampage  .   (no gloves)
Will    +....                   (boots unavailable)
Stlth   ++........              C - amulet of regeneration
HPRegen 1.21/turn               f - ring of protection from fire
MPRegen 0.00/turn               r - +6 ring of strength

@: gold aura, flying
A: sickness immunity, fire resistance 2, cold vulnerability 1, float, innate
caster, hp casting, extra vitality 1
a: Renounce Religion, Potion Petition, Call Merchant, Bribe Branch


You were on level 8 of the Dungeon.
You worshipped Gozag.
Gozag was most pleased with you.
You visited 1 branch of the dungeon, and saw 8 of its levels.
You also visited: Ossuary.

You collected 1584 gold pieces.
You spent 261 gold pieces at shops.
You paid 22 gold pieces to Gozag.

Inventory:

Hand Weapons
 c - a +2 whip of venom (weapon)
Armour
 a - a +0 robe (worn)
 q - the +4 scale mail of Luips {Harm Int+4 Slay-3}
   (You bought it in a shop on level 4 of the Dungeon)

   Int:       It affects your intelligence (+4).
   Slay:      It affects your accuracy & damage with ranged weapons and melee
   (-3).
   Harm:      It increases damage dealt and taken.
 t - a +0 helmet (worn)
Jewellery
 f - a ring of protection from fire (left hand)
 r - a +6 ring of strength (right hand)
 y - a ring of wizardry
 C - an amulet of regeneration (around neck)
Wands
 i - a wand of paralysis (2)
 j - a wand of flame (18)
 D - a wand of digging (5)
Scrolls
 b - 6 scrolls of teleportation
 g - a scroll of noise {unknown}
 k - a scroll of enchant armour {unknown}
 l - 2 scrolls of amnesia {unknown}
 n - 2 scrolls of fog {unknown}
 s - a scroll of immolation
 u - a scroll of holy word
 x - 2 scrolls of vulnerability
 E - a scroll of identify
Potions
 d - a potion of magic
 e - 3 potions of curing
 h - a potion of ambrosia
 m - 5 potions of haste
 o - a potion of might {unknown}
 p - 2 potions of flight {unknown}
 v - 3 potions of berserk rage {unknown}
 w - 3 potions of lignification {unknown}
 z - a potion of cancellation {unknown}
 A - a potion of invisibility {unknown}
 B - a potion of mutation {unknown}


   Skills:
 * Level 4.9 Fighting
 + Level 3.4 Maces & Flails
 + Level 5.0 Dodging
 + Level 3.4 Stealth
 * Level 9.3 Spellcasting


You had 5 spell levels left.
You knew the following spells:

 Your Spells              Type           Power      Damage    Failure   Level
a - Foxfire               Conj/Fire      100%       2x1d9     1%          1
b - Scorch                Fire           98%        2d9       1%          2
c - Conjure Flame         Conj/Fire      49%        6-21      1%          3
d - Inner Flame           Hex/Fire       49%        N/A       1%          3
e - Flame Wave            Conj/Fire      49%        3d9       1%          4
f - Animate Skeleton      Necr           98%        N/A       1%          1
g - Wereblood             Tmut           49%        N/A       1%          2
h - Vampiric Draining     Necr           24%        2d9       1%          3
i - Tukima's Dance        Hex            49%        N/A       1%          3
Your spell library was empty.

Dungeon Overview and Level Annotations

Branches:
Dungeon (8/15)             Temple (0/1) D:6            Lair (0/6) D:8
Ossuary (visited)

Altars:
Cheibriados
Dithmenos
Elyvilon
Gozag
Kikubaaqudgha
Trog
Yredelemnul

Shops:
D:4 [

Annotations:
D:7 1 runed translucent door, robertstho's ghost, novice DjFE


Innate Abilities, Weirdness & Mutations

You are immune to sickness and miasma.
You are immune to poison.
Your flesh is very heat resistant. (rF++)
You are vulnerable to cold. (rC-)
You float through the air rather than walking.
You learn spells naturally, not from books.
Your magical power is your life essence.
You have superior vitality. (+4 HP)


Message History

Casting: Scorch (safe; 1% risk of failure)
Confirm with . or Enter, or press ? or * to list all spells.
Flames lash the two-headed ogre.
The two-headed ogre is lightly wounded.
The two-headed ogre's fire resistance burns away.
Casting: Scorch (safe; 1% risk of failure)
Confirm with . or Enter, or press ? or * to list all spells.
Flames lash the two-headed ogre.
The two-headed ogre is burned terribly!
The two-headed ogre is moderately wounded.
Casting: Scorch (safe; 1% risk of failure)
Confirm with . or Enter, or press ? or * to list all spells.
Casting: Flame Wave (dangerous; 1% risk of failure)
Press: ? - help, Dir - look around, f - activate A wave of flame ripples out!
The flame wave engulfs the two-headed ogre!
The two-headed ogre is burned terribly!
The two-headed ogre is severely wounded. (Press . to intensify the flame waves.)
The two-headed ogre closely misses you.
The two-headed ogre hits you with a +0 giant club!
A wave of flame ripples out!
The flame wave engulfs the two-headed ogre!
The two-headed ogre is burned terribly!
The two-headed ogre is almost dead.
You hear a loud, deep croak!
The two-headed ogre is no longer more vulnerable to fire.
A wave of flame ripples out!
The flame wave engulfs the two-headed ogre.
The two-headed ogre is almost dead.
You finish channelling waves of flame.
You hear a bellow!
The two-headed ogre misses you.
The two-headed ogre hits you with a +0 giant club!!
* * * LOW HITPOINT WARNING * * *
You feel better.
The two-headed ogre hits you with a +0 giant club!
* * * LOW HITPOINT WARNING * * *
The two-headed ogre hits you with a +0 giant club!!
You die...
Your body crumbles into a pile of gold.

.......
####....##...##
##..#..
...............
##>.....#....##
.........<....# .
.)...##..####..# ...
#######.....#..#
....# ##..........##
.##...#..##.......#
......$@............
###....O............
#..................
#...................
.................#..
..................
..........[(....
...............


You could see a two-headed ogre.

Vanquished Creatures
  Pikel (D:5)
  A centaur zombie (D:8)
  Prince Ribbit (D:5)
  Sigmund (D:4)
  A wraith (D:6)
  3 ice beasts
  2 sky beasts (D:7)
  2 black bears (D:6)
  8 ogres
  4 centaurs
  A phantom (D:5)
  4 lemures (D:5)
  Blork the orc (D:6)
  2 scorpions
  A bullfrog (D:7)
  4 howler monkeys
  A hound (D:6)
  2 jellies
  2 bullfrog skeletons (D:6)
  A centaur skeleton (D:7)
  Ijyb (D:5)
  Jessica (D:3)
  2 iguanas (D:6)
  An orc wizard (D:2)
  8 mummies (Ossuary)
  Robin (D:4)
  A howler monkey skeleton (D:4)
  5 gnolls
  8 adders
  2 shadow imps (D:6)
  6 white imps
  2 ufetubi
  A worm (D:5)
  2 dart slugs
  7 orcs
  10 ball pythons
  10 endoplasms
  2 giant cockroaches
  10 goblins
  8 hobgoblins
  6 jackals
  4 quokkas
  8 bats
  5 frilled lizards
  3 hobgoblin zombies (Ossuary)
  8 kobolds
  2 kobold zombies (Ossuary)
  3 orc zombies (Ossuary)
  6 rats
176 creatures vanquished.

Vanquished Creatures (others)
  466 foxfires
466 creatures vanquished.

Grand Total: 642 creatures vanquished

Notes
Turn   | Place    | Note
-------+----------+-------------------------------------------
     0 | D:1      | robertstho the Djinni Fire Elementalist began the quest for
                  | the Orb.
     0 | D:1      | Reached XP level 1. HP: 15/15 MP: 0/0
    16 | D:1      | Reached XP level 2. HP: 10/21 MP: 0/0
   339 | D:1      | Reached skill level 3 in Spellcasting
   381 | D:1      | Reached XP level 3. HP: 18/26 MP: 0/0
   381 | D:1      | Learned a level 1 spell: Animate Skeleton
   652 | D:1      | Reached skill level 1 in Fighting
  1213 | D:1      | Found a faded altar of an unknown god.
  1236 | D:1      | Reached XP level 4. HP: 5/32 MP: 0/0
  1817 | D:2      | Found an opulent altar of Gozag.
  1829 | D:2      | Became a worshipper of Gozag Ym Sagoz the Greedy
  2116 | D:2      | Reached XP level 5. HP: 21/37 MP: 0/0
  2116 | D:2      | Learned a level 2 spell: Wereblood
  2403 | D:2      | Noticed an ogre
  2416 | D:2      | Killed an ogre
  2417 | D:2      | Reached skill level 1 in Maces & Flails
  2417 | D:2      | Reached XP level 6. HP: 21/43 MP: 0/0
  3004 | D:3      | Found a shadowy altar of Dithmenos.
  3227 | D:3      | Noticed Jessica
  3235 | D:3      | Killed Jessica
  3236 | D:3      | Reached skill level 4 in Spellcasting
  3708 | D:4      | Found Ricossun's Antique Armour Shop.
  3758 | D:4      | Bought a spiked scale mail for 261 gold pieces
  3758 | D:4      | Identified the +4 scale mail of Luips {Harm Int+4 Slay-3}
                  | (You bought it in a shop on level 4 of the Dungeon)
  4086 | D:4      | Noticed Robin
  4103 | D:4      | Killed Robin
  4252 | D:4      | Noticed Sigmund
  4259 | D:4      | Killed Sigmund
  4260 | D:4      | Reached XP level 7. HP: 42/49 MP: 0/0
  4260 | D:4      | Learned a level 3 spell: Vampiric Draining
  4328 | D:4      | Found a snail-covered altar of Cheibriados.
  4676 | D:5      | Entered Level 5 of the Dungeon
  4769 | D:5      | Found a white marble altar of Elyvilon.
  4782 | D:5      | Reached skill level 5 in Spellcasting
  4782 | D:5      | Reached XP level 8. HP: 49/56 MP: 0/0
  5344 | D:5      | Noticed Pikel
  5358 | D:5      | Killed Pikel
  5359 | D:5      | Reached skill level 6 in Spellcasting
  5659 | D:5      | Noticed Ijyb
  5672 | D:5      | Killed Ijyb
  5824 | D:5      | Noticed Prince Ribbit
  5843 | D:4      | Reached XP level 9. HP: 34/62 MP: 0/0
  5843 | D:4      | Learned a level 3 spell: Tukima's Dance
  5987 | D:5      | Killed Prince Ribbit
  5993 | D:5      | Reached skill level 7 in Spellcasting
  6744 | D:6      | Found a sand-covered staircase.
  6750 | Ossuary  | Entered an ossuary
  7165 | D:6      | Found a staircase to the Ecumenical Temple.
  7262 | D:6      | Noticed Blork the orc
  7271 | D:6      | Killed Blork the orc
  7621 | D:6      | Reached skill level 8 in Spellcasting
  7622 | D:6      | Reached XP level 10. HP: 52/69 MP: 0/0
  8035 | D:7      | Found a runed translucent door.
  8036 | D:7      | Noticed robertstho's ghost (novice DjFE)
  8045 | D:7      | Reached skill level 5 in Dodging
  8163 | D:7      | Reached skill level 9 in Spellcasting
  8331 | D:7      | Found a bloodstained altar of Trog.
  8720 | D:8      | Found a basalt altar of Yredelemnul.
  8732 | D:8      | Found a staircase to the Lair.
  8751 | D:8      | Noticed a two-headed ogre
  8761 | D:8      | Slain by a two-headed ogre

Illustrated notes

Levels and vault maps discovered:
D:1:      dpeg_arrival_tiny_a, layout_rooms, chequers_ecumenical_altar_simple,
          minmay_tromino_v4_c
D:2:      layout_rooms, basic_altar, hex_intersection,
          kennysheep_generic_room_11
D:3:      layout_rooms, nicolae_dithmenos_the_darkroom, uniq_jessica
D:4:      layout_basic, amcnicky_altar_gilded, serial_shops,
          nicolae_diamond_shop, uniq_robin, uniq_sigmund
D:5:      layout_basic, kiku_gazebo_pond_becter, elyvilon_altar_1,
          uniq_prince_ribbit1, uniq_ijyb, uniq_pikel
D:6:      hangedman_cross_stitches, layout_cave_pools,
          minmay_temple_entry_water_ring, lightli_ossuary_entry_decrepit_ruins,
          uniq_blork_the_orc, uniq_eustachio
D:7:      layout_gridville, mainiacjoe_overflow_paths,
          ebering_ghost_reflecting_pool
D:8:      layout_rooms, nicolae_gozag_cash_rules_everything_around_me,
          mainiacjoe_overflow_big_doors, lair_entry_dummy

Skill      XL: |  1  2  3  4  5  6  7  8  9 10 |
---------------+-------------------------------+-----
Spellcasting   | 3 4 5 6 8 9 |  9.3
Fighting       | 1 2 3 4 |  4.9
Maces & Flails | 1 2 3 |  3.4
Stealth        | 2 3 |  3.4
Dodging        | 3 4 5 |  5.0

Action                   |  1- 3 |  4- 6 |  7- 9 | 10-12 || total
-------------------------+-------+-------+-------+-------++-------
Melee: Whip              |    52 |    98 |    18 |       ||   168
 Cast: Foxfire           |    18 |    34 |   145 |    69 ||   266
       Scorch            |     4 |    21 |    15 |    16 ||    56
       Wereblood         |       |     1 |       |       ||     1
       Flame Wave        |       |       |     9 |     2 ||    11
  Use: Potion            |       |       |     3 |     1 ||     4
       Scroll            |       |       |     3 |     1 ||     4
 Stab: Sleeping          |     4 |     1 |       |       ||     5
Armor: Robe              |    18 |    16 |    13 |     8 ||    55
Dodge: Dodged            |    59 |    74 |    64 |    14 ||   211

Table legend: (Time is in decaauts)
 A = Elapsed time spent in this place.
 B = Non-inter-level travel time spent in this place.
 C = Inter-level travel time spent in this place.
 D = Time resting spent in this place.
 E = Time spent auto-exploring this place.
 F = Levels seen in this place.
 G = Mean time per level.
                   A        B        C        D        E       F      G
               +--------+--------+--------+--------+--------+-----+--------+
         Total |   8766 |   8641 |    125 |    357 |   7164 |   9 |  974.0 |
       Dungeon |   8413 |   8288 |    125 |    357 |   6893 |   8 | 1051.6 |
       Ossuary |    352 |    352 |      0 |      0 |    271 |   1 |  352.0 |
               +--------+--------+--------+--------+--------+-----+--------+

Top non-repeatable levels by time:
     D:5: 1909 daAuts
     D:1: 1536 daAuts
     D:4: 1268 daAuts
     D:2: 1145 daAuts
     D:3: 886 daAuts
     D:6: 877 daAuts
     D:7: 743 daAuts
 Ossuary: 352 daAuts
     D:8: 46 daAuts
